 Dungeon Sprint DCSS version 0.28.0-43-g3370ac3207 (webtiles) character file.

Game seed: 9069930578630605917

513 boopmooplesden the Carver (level 7, -3/67 HPs)
             Began as a Minotaur Berserker on Mar 6, 2022.
             Was a Believer of Trog.
             Succumbed to a water moccasin's poison
             ... in the Dungeon (Sprint II: "The Violet Keep of Menkaure").
             The game lasted 00:00:27 (167 turns).

boopmooplesden the Carver (Minotaur Berserker)       Turns: 167, Time: 00:00:27

Health: -3/67      AC:  2    Str: 23    XL:     7   Next: 0%
Magic:  6/6        EV: 13    Int:  4    God:    Trog [**....]
Gold:   0          SH:  0    Dex: 10    Spells: 6/6 levels left

rFire   . . .      SeeInvis .   a - +0 falchion
rCold   . . .      Faith    .   (no shield)
rNeg    . . .      Spirit   .   b - +0 animal skin
rPois   .          Reflect  .   (helmet restricted)
rElec   .          Harm     .   (no cloak)
rCorr   .          Rampage  .   (no gloves)
Will    .....      NoTele   +   (no boots)
Stlth   +.........              (no amulet)
HPRegen 0.21/turn               (no ring)
MPRegen 0.10/turn               (no ring)

@: lethally poisoned (-3 -> -21), on berserk cooldown, hasted and slowed, unable
to read
A: horns 2, retaliatory headbutt, frail 1, inability to read while threatened
a: Renounce Religion, Berserk, Trog's Hand


You were in the Dungeon.
You worshipped Trog.
Trog was pleased with you.
You visited 1 branch

Inventory:

Hand Weapons
 a - a +0 falchion (weapon)
Armour
 b - a +0 animal skin (worn)
Scrolls
 h - a scroll of blinking
Potions
 c - a potion of curing
 d - a potion of heal wounds
 f - 2 potions of magic
 g - a potion of berserk rage


   Skills:
 + Level 11.7 Fighting
 + Level 11.8 Long Blades
 + Level 5.9 Armour
 + Level 6.0 Dodging


You had 6 spell levels left.
You didn't know any spells.
Your spell library was empty.

Dungeon Overview and Level Annotations

Branches:
Dungeon (1/1)

Altars:

Shops:
D [!:[![=?([=


Innate Abilities, Weirdness & Mutations

You have a pair of horns on your head.
You reflexively headbutt those who attack you in melee.
You are frail. (-10% HP)
You sometimes lose the ability to read scrolls when taking damage.


Message History

The water moccasin moves out of view.
You are no longer berserk.
You are exhausted.
You feel yourself slow down.
The water moccasin hisses angrily.
The water moccasin bites you!
You are poisoned.
The water moccasin poisons you! The water moccasin barely misses you.
The water moccasin closely misses you.
You feel very sick. The water moccasin barely misses you.
You furiously retaliate!
You headbutt the water moccasin!
There is an open door here.
You miss the water moccasin.
The water moccasin is moderately wounded.
You feel sick. The water moccasin bites you!
You feel threatened and lose the ability to read scrolls!
The water moccasin bites you!
You slash the water moccasin!
The water moccasin is severely wounded.
You feel sick. The water moccasin bites you.
You are more poisoned.
The water moccasin poisons you!
You barely miss the water moccasin.
The water moccasin is severely wounded.
You feel very sick. The water moccasin bites you.
* * * LOW HITPOINT WARNING * * *
You are lethally poisoned!
The water moccasin poisons you! The water moccasin bites you.
* * * LOW HITPOINT WARNING * * *
You hit the water moccasin but do no damage.
Your headbutt misses the water moccasin.
The water moccasin is severely wounded.
* * * LOW HITPOINT WARNING * * *
You feel very sick. The water moccasin bites you!
* * * LOW HITPOINT WARNING * * *
You feel yourself speed up.
You die...

########≈≈#+++#
#######≈≈≈....
......#≈≈≈≈.#
.∩....#≈≈≈≈#
∩.∩...#≈≈≈≈
.∩.∩..#≈≈###
..∩.⌠.#≈##.# #+#
.∩.∩..#S#..###.##
∩.∩...+≈@$##'.<.+
.∩....#≈#.#.##.##
▓▓▓▓###≈##.###+#
S######≈≈### S
##≈ +


You could see a water moccasin.

Vanquished Creatures
  4 neqoxecs (D)
4 creatures vanquished.

Notes
Turn   | Place    | Note
-------+----------+-------------------------------------------
     0 | D        | boopmooplesden the Minotaur Berserker began the quest for
                  | the Orb.
     0 | D        | Reached XP level 1. HP: 19/19 MP: 0/0
     1 | D        | Noticed a neqoxec
    11 | D        | Killed a neqoxec
    12 | D        | Reached XP level 2. HP: 27/35 MP: 1/1
    12 | D        | Reached XP level 3. HP: 31/40 MP: 2/2
    12 | D        | Reached XP level 4. HP: 38/48 MP: 3/3
   145 | D        | Noticed a neqoxec
   145 | D        | Noticed a neqoxec
   145 | D        | Noticed a neqoxec
   146 | D        | Gained mutation: You are frail. (-10% HP) [a neqoxec]
   147 | D        | Gained mutation: You sometimes lose the ability to read
                  | scrolls when taking damage. [a neqoxec]
   149 | D        | Killed a neqoxec
   150 | D        | Reached skill level 10 in Fighting
   150 | D        | Reached skill level 10 in Long Blades
   150 | D        | Reached skill level 5 in Armour
   150 | D        | Reached skill level 5 in Dodging
   150 | D        | Reached XP level 5. HP: 52/52 MP: 4/4
   152 | D        | Found Redohiv's Magic Scroll Boutique.
   152 | D        | Found Xaompegg's Antique Armour Boutique.
   152 | D        | Found Meaf's Jewellery Shop.
   153 | D        | Killed a neqoxec
   153 | D        | Reached ** piety under Trog
   154 | D        | Reached XP level 6. HP: 61/61 MP: 5/5
   154 | D        | Found Roamil's Jewellery Shop.
   157 | D        | Killed a neqoxec
   158 | D        | Reached XP level 7. HP: 67/67 MP: 6/6
   158 | D        | Found Udoq's Antique Armour Shop.
   158 | D        | Found Dosibbaz's Distillery.
   158 | D        | Found Baaxaocru's Armour Shop.
   158 | D        | Found Cosmohog's Book Boutique.
   159 | D        | Found Qyvaotum's Antique Weapon Shop.
   159 | D        | Found Jufe's Distillery.
   159 | D        | Found Puegha Cayz's Armour Boutique.
   166 | D        | HP: 2/67 [water moccasin (8)]
   167 | D        | Succumbed to a water moccasin's poison

Illustrated notes

Levels and vault maps discovered:
D:        the_violet_keep_of_menkaure [sprint2_stairs_cluster_1,
          sprint2_shoproom, sprint2_temple, sprint2_basic_supplies,
          sprint2_obstacle_3, sprint2_obstacle_1, sprint2_obstacle_5,
          sprint2_obstacle_7, sprint2_obstacle_6, sprint2_timed_cluster_1,
          sprint2_smallroom_cluster_1, sprint2_smallroom_final_cluster_1,
          sprint2_transparent_cluster_1, sprint2_second_timed_cluster_1,
          sprint2_sniper_area_1, sprint2_heavy_combat_area_1,
          sprint2_mutation_trap_area_1, sprint2_forest_area_1,
          sprint2_light_combat_area_1, sprint2_behind_water_1,
          sprint2_near_end_vault_1]

Skill      XL: |  1  2  3  4  5  6 |
---------------+-------------------+-----
Fighting       | 8 10 11 | 11.7
Long Blades    | 8 10 11 | 11.8
Armour         | 4 5 |  5.9
Dodging        | 4 5 6 |  6.0

Action                   |  1- 3 |  4- 6 |  7- 9 || total
-------------------------+-------+-------+-------++-------
Melee: Falchion          |     9 |     9 |     4 ||    22
       Headbutt          |       |     3 |       ||     3
Invok: Berserk           |     1 |     1 |       ||     2
  Use: Potion            |       |       |     1 ||     1
Dodge: Dodged            |     5 |     3 |     3 ||    11
